 Dungeon Crawl Stone Soup version 0.23.0 (webtiles) character file.

Game seed: 5072084089871606717

378 Lavandula the Insei (level 6, 0/43 HPs)
             Began as a Merfolk Transmuter on Feb 14, 2019.
             Was an Initiate of Gozag.
             Slain by Grinder (3 damage)
             ... on level 4 of the Dungeon.
             The game lasted 00:08:45 (4301 turns).

Lavandula the Insei (Merfolk Transmuter)            Turns: 4301, Time: 00:08:46

Health: 0/43       AC:  4    Str: 11    XL:     6   Next: 74%
Magic:  4/9        EV: 13    Int: 13    God:    Gozag
Gold:   244        SH:  0    Dex: 15    Spells: 3/9 levels left

rFire    . . .     SeeInvis .     - Unarmed
rCold    . . .     Gourm    .   (no shield)
rNeg     . . .     Faith    .   b - +0 robe
rPois    .         Spirit   .   (no helmet)
rElec    .         Reflect  .   s - +0 cloak
rCorr    .         Harm     .   z - +0 pair of gloves
MR       +....                  (no boots)
Stlth    +.........             (no amulet)
HPRegen  0.14/turn              c - ring of protection from magic
MPRegen  0.11/turn              (no ring)

@: no status effects
A: change form in water, swift swim, stealthy swim
a: Potion Petition, Call Merchant, Bribe Branch, Renounce Religion


You were on level 4 of the Dungeon.
You worshipped Gozag.
Gozag was aware of your devotion.
You were not hungry.

You visited 1 branch of the dungeon, and saw 4 of its levels.

You collected 289 gold pieces.
You paid 45 gold pieces to Gozag.

Inventory:

Hand Weapons
 r - a +2 quarterstaff of chaos
Missiles
 a - 20 arrows
 i - 5 tomahawks (quivered)
Armour
 b - a +0 robe (worn)
 g - a +0 ring mail of poison resistance
 s - a +0 cloak (worn)
 t - a +0 buckler
 z - a +0 pair of gloves (worn)
Jewellery
 c - a ring of protection from magic (left hand)
Scrolls
 e - a scroll of magic mapping {unknown}
 h - a scroll of blinking {unknown}
 l - 2 scrolls of identify {unknown}
 m - 2 scrolls of immolation {unknown}
 n - a scroll of enchant weapon {unknown}
 p - 2 scrolls of remove curse
 q - a scroll of teleportation {unknown}
 u - a scroll of random uselessness {unknown}
 y - a scroll of fog {unknown}
Potions
 f - a potion of magic {unknown}
 j - a potion of curing
 k - a potion of flight {unknown}
 o - a potion of invisibility {unknown}
 v - a potion of might {unknown}
 w - a potion of mutation {unknown}
 x - a potion of resistance {unknown}
 A - a potion of ambrosia {unknown}
Comestibles
 d - 2 rations


   Skills:
 - Level 1.1 Fighting
 - Level 2.6 Dodging
 + Level 7.5 Unarmed Combat
 - Level 2.0 Spellcasting
 - Level 4.3 Transmutations


You had 3 spell levels left.
You knew the following spells:

 Your Spells              Type           Power        Failure   Level  Hunger
a - Beastly Appendage     Tmut           ##....       4%          1    ##.....
b - Sticks to Snakes      Tmut           ##......     6%          2    ###....
c - Spider Form           Tmut/Pois      #.........   30%         3    ####...

Your spell library contained the following spells:

 Spells                   Type           Power        Failure   Level  Hunger
 Ice Form                 Ice/Tmut       #.......     71%         4    #####..
 Blade Hands              Tmut           ##........   75%         5    ######.


Dungeon Overview and Level Annotations

Branches:
Dungeon (4/15)
 Temple: D:4-7

Altars:
Cheibriados
Gozag
Trog
Uskayaw
Vehumet

Annotations:
D:4 Grinder


Message History

Your +0 robe unmelds from your body.
Grinder hits you!
You writhe in agony.
You hit Grinder.
Grinder is severely wounded.
Grinder hits you but does no damage.
You hit Grinder.
Grinder is severely wounded.
Grinder drinks a potion.
Grinder is healed!
You barely miss Grinder.
Grinder is heavily wounded.
Grinder gestures at you. Pain shoots through your body!
* * * LOW HITPOINT WARNING * * *
You hit Grinder.
Grinder is severely wounded.
Grinder misses you.
You feel better. Grinder hits you.
* * * LOW HITPOINT WARNING * * *
You writhe in agony.
You die...
Your body crumbles into a pile of gold.

.......................
#..####......(.......%.
#. ..#.......$........
#..................
#####..5...........
#..#$#...$......
#.##$#.......... #..
#$#.#......#. #.>#
#.#@#.#####.. ..
#.#5..# # #$#$..#
##.#.#.# #####.o..#...
#......###.....
#......# ..... #......#
..... #......# ....


You could see Grinder.

Vanquished Creatures
  A scorpion (D:4)
  Crazy Yiuf (D:2)
  An orc priest (D:3)
  An orc wizard (D:3)
  A bullfrog skeleton (D:4)
  2 worker ants
  8 adders
  A howler monkey skeleton (D:4)
  A worm (D:2)
  3 dart slugs
  5 leopard geckos
  11 orcs
  3 ball pythons
  2 giant cockroaches
  4 goblins
  4 hobgoblins
  A jackal (D:1)
  5 kobolds
  A quokka (D:4)
  5 bats
  5 frilled lizards
  5 rats
71 creatures vanquished.

Vanquished Creatures (collateral kills)
  An adder (D:2)
  A worm (D:2)
  2 jackals (D:2)
4 creatures vanquished.

Grand Total: 75 creatures vanquished

Notes
Turn   | Place    | Note
-------+----------+-------------------------------------------
     0 | D:1      | Lavandula the Merfolk Transmuter began the quest for the
                  | Orb.
     0 | D:1      | Reached XP level 1. HP: 15/15 MP: 3/3
   512 | D:1      | Reached skill level 4 in Unarmed Combat
   512 | D:1      | Reached XP level 2. HP: 18/21 MP: 3/5
   516 | D:1      | Learned a level 2 spell: Sticks to Snakes
  1093 | D:2      | Reached XP level 3. HP: 25/26 MP: 2/6
  1098 | D:2      | Found a radiant altar of Vehumet.
  1290 | D:2      | Reached skill level 5 in Unarmed Combat
  1463 | D:2      | Reached XP level 4. HP: 22/32 MP: 2/7
  1468 | D:2      | Learned a level 3 spell: Spider Form
  1858 | D:2      | Found a runed translucent door.
  1859 | D:2      | Noticed Crazy Yiuf
  2483 | D:2      | Killed Crazy Yiuf
  2930 | D:3      | Reached XP level 5. HP: 37/37 MP: 6/8
  3366 | D:3      | Found a hide-covered altar of Uskayaw.
  3366 | D:3      | Found a snail-covered altar of Cheibriados.
  3367 | D:3      | Found a bloodstained altar of Trog.
  3392 | D:3      | Found an opulent altar of Gozag.
  3405 | D:3      | Became a worshipper of Gozag Ym Sagoz the Greedy
  3416 | D:3      | Reached skill level 6 in Unarmed Combat
  3887 | D:3      | Reached XP level 6. HP: 20/43 MP: 7/9
  4246 | D:4      | Noticed Grinder
  4247 | D:4      | Paralysed by Grinder for 2 turns
  4255 | D:4      | Reached skill level 7 in Unarmed Combat
  4299 | D:4      | HP: 1/43 [Grinder/nerve-wracking pain (14)]
  4301 | D:4      | Slain by Grinder

Skill      XL: |  1  2  3  4  5  6 |
---------------+-------------------+-----
Unarmed Combat | 4 5 6 7 |  7.5
Transmutations | 4 |  4.3
Fighting       | |  1.1
Dodging        | |  2.6
Spellcasting   | |  2.0

Action                   |  1- 3 |  4- 6 || total
-------------------------+-------+-------++-------
Melee: Unarmed           |    62 |   154 ||   216
       Headbutt          |    11 |     4 ||    15
       Punch             |     2 |     1 ||     3
Throw: Tomahawk          |     1 |     2 ||     3
 Cast: Beastly Appendage |    17 |    13 ||    30
       Sticks to Snakes  |     5 |     2 ||     7
       Spider Form       |       |     9 ||     9
  Use: Scroll            |     1 |       ||     1
       Potion            |       |     1 ||     1
 Stab: Sleeping          |     1 |     3 ||     4
       Distracted        |       |     2 ||     2
  Eat: Chunk             |     2 |     9 ||    11
       Ration            |       |     1 ||     1
Armor: Robe              |     3 |    18 ||    21
       Skin              |       |     4 ||     4
Dodge: Dodged            |    44 |   100 ||   144
